Map: Curious Minds LE

Players

RustyShacky - Winner!

  • Race: Terran Terran
  • League: Gold

A.I. 1 (Very Easy)

  • Race: Terran Terran

VOD

Have the link to the VOD?

Description

Time

  • Played on: Oct. 27, 2021, 9:23 a.m.
  • Length: 10:31
Show
View Real Time Build Order
Export as new Build Order

RustyShacky Terran - Winner!

Build Orders:  

Get SALT Encoding   

  12  0:00  SCV  
  13  0:12  SCV  
  14  0:17  Supply Depot  
  14  0:24  SCV  
  14  0:28  Refinery  
  15  0:39  SCV  
  16  0:47  Barracks  
  16  0:54  SCV  
  17  1:06  SCV  
  18  1:19  SCV  
  20  1:34  Reaper  
  20  1:37  Orbital Command  
  20  1:46  Command Center  
  20  1:57  Factory  
  20  2:05  SCV  
  21  2:11  Barracks Reactor  
  21  2:16  Supply Depot  
  21  2:17  SCV  
  22  2:24  Refinery  
  22  2:29  SCV  
  23  2:40  Factory Tech Lab  
  23  2:41  SCV  
  24  2:54  SCV  
  24  2:58  Orbital Command  
  25  3:02  Cyclone  
  28  3:06  SCV  
  28  3:10  Marine x2  
  31  3:13  Starport  
  31  3:19  SCV  
  32  3:24  SCV  
  33  3:28  Marine x2  
  33  3:31  SCV  
  36  3:36  SCV  
  36  3:38  Supply Depot  
  36  3:40  Siege Tank  
  40  3:46  Refinery, SCV  
  40  3:47  Marine x2  
  43  3:49  SCV  
  44  3:56  Starport Tech Lab  
  44  4:02  Supply Depot  
  44  4:05  SCV  
  44  4:06  SCV  
  47  4:16  Raven  
  48  4:18  SCV x2  
  50  4:26  Supply Depot  
  50  4:30  SCV x2  
  52  4:33  Siege Tank  
  52  4:38  Command Center  
  55  4:43  SCV x2, Marine  
  55  4:44  Marine  
  59  4:53  Supply Depot  
  59  4:55  SCV x2  
  59  4:59  Raven  
  61  5:05  Refinery  
  63  5:07  SCV x2  
  63  5:13  Siege Tank  
  68  5:14  Marine x2  
  68  5:15  Barracks  
  68  5:17  Barracks  
  68  5:19  SCV  
  71  5:31  Engineering Bay  
  71  5:33  Engineering Bay  
  72  5:35  SCV x2  
  72  5:39  Marine x2  
  75  5:46  Supply Depot  
  75  5:47  SCV  
  75  5:48  SCV  
  77  5:50  Supply Depot  
  77  5:58  Orbital Command  
  77  6:00  Factory Tech Lab  
  77  6:05  Starport Reactor  
  77  6:09  Supply Depot  
  77  6:12  SCV x2  
  77  6:13  Terran Infantry Weapons Level 1  
  77  6:14  Stimpack, Combat Shield, Terran Infantry Armor Level 1  
  77  6:16  Marine x2  
  81  6:22  Supply Depot  
  81  6:24  Supply Depot, SCV  
  81  6:25  SCV, Siege Tank  
  86  6:37  Orbital Command, SCV  
  87  6:42  SCV  
  87  6:45  Marine x4  
  87  6:46  Supply Depot  
  87  6:47  Viking  
  94  6:48  Viking  
  94  6:49  SCV  
  94  6:54  SCV  
  98  7:01  SCV  
  99  7:05  Marine  
  99  7:06  Marine x3, SCV  
  99  7:08  Siege Tank  
  107  7:10  SCV  
  107  7:13  SCV  
  109  7:18  SCV  
  109  7:20  Viking  
  109  7:22  SCV  
  113  7:23  Marine  
  113  7:24  Marine x3  
  113  7:25  SCV  
  113  7:28  Refinery x2  
  118  7:30  SCV  
  118  7:33  Barracks  
  118  7:34  SCV  
  118  7:35  Barracks  
  120  7:37  SCV  
  120  7:39  Supply Depot  
  120  7:41  Supply Depot  
  120  7:42  Supply Depot, SCV, Marine x4  
  126  7:46  SCV  
  126  7:48  Siege Tank  
  126  7:49  SCV, Viking  
  133  7:54  SCV  
  134  7:58  SCV  
  134  7:59  Viking  
  134  8:03  Marine x4  
  142  8:05  SCV  
  142  8:06  SCV  
  143  8:14  Command Center  
  143  8:19  SCV, Viking  
  147  8:20  SCV x2, Marine, Siege Tank  
  147  8:21  Marine x2  
  154  8:29  Armory x2, Viking  
  156  8:35  Barracks Reactor  
  156  8:36  Barracks Reactor  
  156  8:51  Supply Depot, Marine x4  
  156  8:52  Supply Depot, Siege Tank  
  156  8:54  Viking  
  165  8:59  Viking  
  167  9:09  Marine x3  
  170  9:12  Supply Depot  
  170  9:13  Supply Depot x2  
  170  9:20  Concussive Shells  
  170  9:21  SCV x3  
  170  9:23  Marine x5  
  178  9:24  Siege Tank  
  178  9:25  Viking  
  178  9:27  Marine x3  
  186  9:33  SCV  
  186  9:34  SCV  
  188  9:40  SCV  
  188  9:41  Marine x3  
  188  9:42  Marine x2  
  188  9:44  Marine, Viking  
  188  9:45  Marine x2  
  199  9:58  Marine  
Show
View Real Time Build Order
Export as new Build Order

A.I. 1 (Very Easy) Terran 

Build Orders:  

Get SALT Encoding   

  12  0:00  SCV  
  13  0:13  SCV  
  14  0:18  Supply Depot  
  14  0:37  Refinery  
  14  0:42  Barracks  
  14  1:03  Supply Depot  
  14  1:11  Refinery  
  14  1:29  SCV, Marine  
  16  1:41  SCV  
  17  1:53  SCV  
  18  2:01  Marine  
  18  2:05  SCV  
  20  2:17  SCV  
  21  2:29  SCV  
  22  2:34  Marine  
  23  2:42  Orbital Command  
  23  5:46  Marine, SCV  
  23  5:48  Supply Depot  
  25  5:51  Factory  
  25  6:10  SCV  
  26  6:12  Supply Depot  
  26  6:17  Barracks Tech Lab  
  26  6:22  SCV  
  24  6:34  SCV  
  24  6:35  Marine, Starport  
  26  6:42  Command Center  
  26  6:46  SCV  
  27  7:07  Marine  
  28  7:14  Starport Tech Lab  
  28  7:33  Raven  
  30  7:39  Marauder  
  32  7:55  SCV  
  32  8:02  SCV  
  32  8:03  Refinery  
  32  8:05  Refinery  
  33  8:09  SCV  
  33  8:10  Marine  
  35  8:16  Raven  
  35  8:17  SCV  
  38  8:24  SCV  
  39  8:31  SCV  
  40  8:38  SCV  
  41  8:45  SCV  
  42  8:52  SCV  
  43  9:00  SCV  
  44  9:07  SCV  
  45  9:14  SCV  
  46  9:21  SCV  
  47  9:28  SCV  
  48  9:35  SCV  
  49  9:43  SCV  
  50  10:01  Marine  
  50  10:03  Supply Depot  
  44  10:14  SCV  
Tags
 
League
Gold
Matchup
TvT
Race
Terran
Add a new tag
Caveats
  • Supply blocks, unpowered buildings, or Contaminate may cause inaccurate times.
  • Supply counts are checked every 10 seconds.